Map: Acolyte LE

Players

MaNa - Winner!

  • Race: Protoss Protoss
  • Spawn Location: 7:00

Semper

  • Race: Terran Terran
  • Spawn Location: 1:00

Event: WCS Montreal 2017

VOD

Have the link to the VOD?

Description

Time

  • Played on: Sept. 8, 2017, 7:53 p.m.
  • Length: 10:21

All games in this series

Show
View Real Time Build Order
Export as new Build Order

MaNa Protoss - Winner!

Build Orders: Oracle Opening 

Get SALT Encoding   

  12  0:00  Probe (Chrono Boost)  
  13  0:11  Probe (Chrono Boost)  
  14  0:18  Pylon  
  14  0:22  Probe (Chrono Boost)  
  15  0:36  Probe (Chrono Boost)  
  15  0:38  Gateway  
  16  0:46  Probe (Chrono Boost)  
  17  0:50  Assimilator  
  17  0:57  Probe (Chrono Boost)  
  18  1:08  Probe (Chrono Boost)  
  18  1:09  Assimilator  
  20  1:18  Probe (Chrono Boost)  
  20  1:28  Cybernetics Core  
  20  1:29  Probe (Chrono Boost)  
  21  1:39  Probe (Chrono Boost)  
  22  1:47  Pylon  
  22  1:50  Probe (Chrono Boost)  
  23  1:55  Nexus  
  23  2:05  Stargate  
  23  2:11  Adept (Chrono Boost)  
  23  2:14  Probe  
  26  2:20  Warp Gate  
  26  2:26  Probe (Chrono Boost)  
  26  2:29  Pylon  
  27  2:34  Adept (Chrono Boost)  
  29  2:38  Probe (Chrono Boost)  
  30  2:49  Probe (Chrono Boost)  
  30  2:50  Oracle (Chrono Boost)  
  34  3:00  Probe  
  35  3:06  Probe  
  37  3:12  Probe (Chrono Boost)  
  37  3:17  Probe (Chrono Boost)  
  38  3:21  Oracle (Chrono Boost)  
  38  3:25  Probe (Chrono Boost)  
  42  3:28  Probe (Chrono Boost)  
  43  3:35  Probe (Chrono Boost)  
  43  3:39  Probe (Chrono Boost)  
  42  3:46  Probe (Chrono Boost)  
  43  3:50  Probe (Chrono Boost)  
  43  3:53  Nexus  
  43  3:55  Probe (Chrono Boost)  
  44  3:57  Oracle (Chrono Boost)  
  44  4:00  Probe  
  49  4:04  Pylon  
  49  4:05  Probe  
  50  4:12  Probe  
  50  4:16  Probe  
  51  4:19  Gateway  
  51  4:21  Gateway  
  52  4:24  Assimilator, Probe  
  52  4:26  Assimilator, Mothership Core  
  55  4:36  Probe  
  55  4:37  Pylon  
  56  4:49  Probe x2, Twilight Council  
  56  4:52  Forge  
  58  4:56  Sentry  
  58  4:59  Probe  
  60  5:01  Probe  
  62  5:09  Probe, Pylon  
  62  5:10  Probe  
  62  5:12  Protoss Ground Weapons Level 1  
  62  5:13  Probe  
  65  5:18  Gateway  
  65  5:19  Gateway x2  
  65  5:21  Probe x2  
  65  5:25  Probe  
  68  5:32  Blink (Chrono Boost)  
  68  5:33  Probe  
  68  5:34  Probe  
  70  5:37  Probe, Pylon  
  71  5:44  Probe  
  71  5:46  Probe  
  71  5:47  Pylon  
  71  5:49  Probe, Gateway  
  74  5:51  Gateway  
  74  5:54  Probe  
  74  5:55  Sentry  
  74  5:56  Sentry  
  79  5:59  Probe  
  79  6:03  Pylon  
  80  6:07  Pylon  
  80  6:12  Robotics Facility  
  80  6:20  Probe  
  80  6:21  Probe  
  80  6:22  Probe, Stalker x2  
  80  6:23  Stalker x2  
  91  6:26  Stalker  
  91  6:27  Stalker  
  91  6:31  Assimilator  
  95  6:33  Assimilator  
  95  6:34  Probe  
  95  6:35  Probe x2  
  98  6:46  Pylon  
  98  6:47  Pylon  
  98  6:49  Probe  
  98  6:50  Probe x2  
  101  6:55  Adept x3  
  101  6:57  Stalker x2  
  111  7:02  Photon Cannon, Protoss Ground Armor Level 1  
  111  7:04  Observer  
  112  7:12  Adept x3  
  118  7:19  Resonating Glaives (Chrono Boost), Stalker x2  
  118  7:20  Pylon  
  118  7:21  Stalker  
  124  7:25  Photon Cannon  
  124  7:28  Warp Prism  
  126  7:34  Robotics Bay  
  126  7:36  Probe  
  126  7:37  Probe x2  
  118  7:46  Probe  
  118  7:49  Probe x2  
  118  7:50  Adept x2  
  118  7:51  Adept  
  127  7:57  Probe  
  127  8:01  Probe x2, Adept x4  
  137  8:07  Probe  
  138  8:14  Stalker  
  140  8:24  Pylon  
  140  8:26  Pylon  
  138  8:27  Nexus  
  138  8:29  Pylon  
  138  8:39  Pylon  
  138  8:41  Colossus  
  144  8:50  Stalker x6  
  144  8:54  Adept  
  144  8:55  Adept  
  159  9:09  Pylon  
  159  9:10  Pylon  
  156  9:22  Adept x3  
  156  9:23  Adept x4  
  168  9:35  Observer  
  141  9:53  Stalker x8  
  141  9:57  Observer  
Show
View Real Time Build Order
Export as new Build Order

Semper Terran 

Build Orders: Gas First Reaper Expand, Reaper Expand, MMM Bio 

Get SALT Encoding   

  12  0:00  SCV  
  13  0:12  SCV  
  14  0:17  Supply Depot  
  14  0:25  SCV  
  15  0:30  Refinery  
  15  0:39  SCV  
  16  0:44  Barracks  
  16  0:51  SCV  
  17  1:03  SCV  
  18  1:15  SCV  
  19  1:31  Orbital Command, Reaper  
  20  1:46  Command Center  
  20  1:58  SCV  
  20  2:00  Factory  
  21  2:07  Barracks Reactor  
  21  2:10  SCV  
  21  2:14  Supply Depot  
  22  2:18  Refinery  
  22  2:23  SCV  
  23  2:35  SCV  
  24  2:45  Starport  
  24  2:46  Marine  
  24  2:47  Marine  
  24  2:49  Widow Mine  
  24  2:50  SCV  
  29  2:58  Orbital Command  
  29  3:05  Marine x2  
  31  3:06  SCV  
  31  3:18  SCV  
  34  3:22  Cyclone, Marine x2  
  34  3:26  SCV  
  38  3:30  Medivac  
  38  3:31  SCV  
  41  3:40  Marine  
  42  3:41  SCV  
  42  3:45  SCV  
  42  3:46  Supply Depot  
  43  3:51  Marine  
  43  3:53  SCV  
  45  4:00  SCV  
  46  4:07  Widow Mine  
  46  4:08  Viking, Supply Depot  
  50  4:10  Marine x2  
  50  4:14  SCV  
  53  4:18  Supply Depot, SCV  
  54  4:30  SCV x2  
  56  4:32  Barracks  
  56  4:35  Barracks  
  56  4:37  Supply Depot  
  56  4:42  SCV  
  56  4:45  SCV  
  58  4:49  Factory Tech Lab  
  58  4:50  Starport Tech Lab, Marine x2  
  60  4:53  Supply Depot  
  60  4:54  SCV  
  60  4:55  Engineering Bay  
  60  4:57  SCV, Refinery  
  62  5:06  SCV  
  63  5:09  SCV  
  64  5:18  SCV, Factory Reactor, Starport Reactor  
  65  5:21  SCV  
  65  5:28  Terran Infantry Weapons Level 1  
  66  5:30  SCV  
  66  5:33  Combat Shields, Marine, SCV  
  66  5:34  Command Center, Stimpack, Marauder  
  66  5:35  Marine x2  
  73  5:39  Refinery  
  73  5:43  SCV  
  73  5:44  Supply Depot  
  73  5:46  SCV  
  75  5:54  Marine x3  
  75  5:56  Medivac x2  
  82  5:58  Widow Mine x2  
  86  6:06  Marine, SCV x2  
  86  6:09  Missile Turret  
  89  6:18  SCV  
  89  6:22  Marine  
  89  6:25  SCV  
  92  6:26  Widow Mine  
  94  6:45  Medivac x2, Marine x4, SCV, Widow Mine  
  105  6:47  Orbital Command  
  105  6:49  Barracks, SCV  
  105  6:50  Supply Depot  
  105  6:51  Supply Depot  
  105  6:53  Supply Depot  
  106  6:54  Barracks  
  106  6:55  Concussive Shells  
  106  6:59  SCV  
  107  7:02  SCV  
  107  7:04  Liberator  
  108  7:10  Marine  
  108  7:11  SCV, Marauder  
  108  7:13  Orbital Command  
  112  7:19  Marine  
  112  7:20  Widow Mine x2  
  120  7:28  Starport  
  120  7:30  Terran Infantry Armor Level 1  
  120  7:31  Fusion Core  
  120  7:32  SCV  
  121  7:38  SCV  
  121  7:40  Marine, Marauder  
  123  7:44  Liberator, SCV  
  123  7:46  Liberator  
  123  7:48  SCV  
  123  7:50  SCV  
  126  7:54  Marine x2  
  126  7:55  Marauder  
  126  7:56  Armory  
  126  7:57  SCV  
  125  8:02  Marine  
  132  8:06  SCV  
  132  8:13  Marine  
  132  8:14  Marauder  
  132  8:18  SCV  
  132  8:19  Barracks Reactor, Barracks Tech Lab  
  136  8:20  Starport Tech Lab  
  136  8:23  Refinery  
  136  8:24  Refinery  
  136  8:26  Missile Turret  
  136  8:27  Supply Depot x2, Missile Turret  
  136  8:33  Liberator, Marine  
  136  8:34  Marine, Marauder  
  140  8:35  Marine  
  141  8:48  Marine, SCV x2  
  141  8:51  Marine x2  
  141  8:53  Marauder  
  141  8:54  Liberator  
  141  8:55  Command Center  
  151  9:02  Supply Depot x2  
  151  9:03  Marine  
  151  9:04  Missile Turret, Marauder  
  151  9:06  Liberator  
  154  9:16  Liberator  
  157  9:19  Marine  
  157  9:23  Marine x3  
  162  9:26  Marine x2  
  162  9:27  SCV  
  162  9:28  Marine  
  163  9:37  Marine  
  145  9:41  Marine x3  
  145  9:43  Marine  
  145  9:44  Marine  
  121  9:45  Marine  
  97  9:54  Marine  
  97  9:59  Marine x3  
  95  10:01  Marine x2  
Tags
 
Add a new tag
Caveats
  • Supply blocks, unpowered buildings, or Contaminate may cause inaccurate times.
  • Supply counts are checked every 10 seconds.